 Dungeon Crawl Stone Soup version 0.19.1 (webtiles) character file.

58 Melicamp the Sneak (level 3, 0/16 HPs)
             Began as a Spriggan Enchanter on Dec 5, 2016.
             Splashed by a jelly's acid (10 damage)
             ... on level 2 of the Dungeon.
             The game lasted 00:07:53 (2108 turns).

Melicamp the Sneak (Spriggan Enchanter)             Turns: 2108, Time: 00:07:54

Health: 0/16       AC: -6    Str:  4    XL:     3   Next: 75%
Magic:  4/8        EV: 18    Int: 16    God:
Gold:   22         SH:  0    Dex: 17    Spells: 2 memorised, 4 levels left

rFire  . . .     SeeInvis +     e - +1 short sword (freeze)
rCold  . . .     Gourm    .     j - +0 robe (curse)
rNeg   . . .     Faith    .     (shield restricted)
rPois  .         Spirit   .     (helmet restricted)
rElec  .         Reflect  .     (no cloak)
rCorr  .         Harm     .     (gloves unavailable)
MR     .....                    (boots unavailable)
Stlth  +++.......               (no amulet)
                                (no ring)
                                (no ring)

@: corroded, very slightly contaminated, very quick
A: unfitting armour, see invisible, herbivore 3, speed 3, slow metabolism 2
a: no special abilities


You were on level 2 of the Dungeon.
You were very hungry.

You visited 1 branch of the dungeon, and saw 2 of its levels.

You collected 22 gold pieces.

Inventory:

Hand Weapons
 a - a +1 dagger
 e - a +1 short sword of freezing (weapon)
Armour
 b - a +2 robe
 j - a cursed +0 robe (worn)
Books
 c - a book of Maledictions

   Spells                             Type                      Level
   a - Corona                         Hexes                        1
   b - Ensorcelled Hibernation        Hexes/Ice                    2
   c - Confuse                        Hexes                        3
   d - Tukima's Dance                 Hexes                        3
   e - Dazzling Spray                 Conjuration/Hexes            3
Comestibles
 d - 2 bread rations


   Skills:
 * Level 3.4 Short Blades
 - Level 3.0 Dodging
 + Level 5.3 Stealth
 - Level 2.6 Spellcasting
 - Level 3.6 Hexes


You had 4 spell levels left.
You knew the following spells:

 Your Spells              Type           Power        Failure   Level  Hunger
a - Corona                Hex            ##.....      6%          1    #......
b - Ensorcelled Hibernat  Hex/Ice        #.....       17%         2    ##.....


Dungeon Overview and Level Annotations

Branches:
Dungeon (2/15)

Altars:
Ru
Zin


Innate Abilities, Weirdness & Mutations

You are very small and have problems with some larger weapons.
You are too small for most types of armour.
You have supernaturally acute eyesight. (SInv)
You are a herbivore.
You cover ground extremely quickly.
You need consume almost no food.


Message History

Your hands burn!
The jelly is lightly wounded.
Found a stone staircase leading down.
Casting: Ensorcelled Hibernation
Confirm with . or Enter, or press ? or * to list all spells.
Aiming: Ensorcelled Hibernation
Press: ? - help, Shift-Dir - straight line, f - jelly
Aim: a jelly (lightly wounded, chance to defeat MR: 48%)
You miscast Ensorcelled Hibernation.
You are very lightly contaminated with residual magic.
You hear a crackling sound.
Casting: Ensorcelled Hibernation
Confirm with . or Enter, or press ? or * to list all spells.
Aiming: Ensorcelled Hibernation
Press: ? - help, Shift-Dir - straight line, f/p - jelly
Aim: a jelly (lightly wounded, chance to defeat MR: 48%)
The jelly resists with some effort.
The jelly hits you. The acid corrodes you!
You are splashed with acid!
The acid burns!
Ouch! That really hurt!
You die...

#.#.#...# # #
#.#.#...### ## #
#.#.....'.+ ##
#.##....#######
#####.##.#.#......#
####.....##.#.<..#####
.........##.#...##
....)..<......#.J####
[...)....##.####@...#
.!.......##.##
####.....
.........##..# #..>
.........###.# ..
......(..# #.##
.........# #..#
...)###### ##.# #####
#### ..# ##_#


You could see a jelly.

Vanquished Creatures
  An ooze (D:2)
  3 worms (D:2)
  2 dart slugs (D:1)
  2 leopard geckos
  A giant cockroach (D:1)
  6 goblins
  3 hobgoblins
  11 kobolds
  2 bats (D:1)
  3 frilled lizards (D:2)
  3 rats
37 creatures vanquished.

Notes
Turn   | Place    | Note
-------+----------+-------------------------------------------
     0 | D:1      | Melicamp the Spriggan Enchanter began the quest for the Orb.
     0 | D:1      | Reached XP level 1. HP: 9/9 MP: 5/5
   206 | D:1      | Reached XP level 2. HP: 13/13 MP: 6/6
   223 | D:1      | Learned a level 2 spell: Ensorcelled Hibernation
  1155 | D:2      | Reached XP level 3. HP: 16/16 MP: 5/8
  1403 | D:2      | Reached skill level 5 in Stealth
  1763 | D:2      | Found a sacrificial altar of Ru.
  1914 | D:2      | Found a glowing silver altar of Zin.
  2108 | D:2      | Splashed by a jelly's acid

Skill      XL: |  1  2  3 |
---------------+----------+-----
Short Blades   | 2 3 |  3.4
Stealth        | 5 |  5.3
Dodging        | |  3.0
Spellcasting   | |  2.6
Hexes          | |  3.6

Action                   || total
-------------------------++-------
Melee: Dagger            ||    89
       Short sword       ||     4
 Cast: Corona            ||     6
       Ensorcelled Hiber ||    27
  Use: Scroll            ||     5
 Stab: Sleeping          ||    26
Armor: Robe              ||     2
Dodge: Dodged            ||    49
